 Dungeon Crawl Stone Soup version 0.29.1-13-g9f3cf754e1 (webtiles) character file.

Game seed: 7725355168917844345

363 Thatpatchoflichen the Trooper (level 6, -15/57 HPs)
             Began as a Hill Orc Monk on Jan 19, 2023.
             Was a Believer of Okawaru.
             Demolished by an ogre
             ... wielding a +0 giant club
              (24 damage)
             ... on level 5 of the Dungeon.
             The game lasted 00:08:22 (4247 turns).

Thatpatchoflichen the Trooper (Hill Orc Monk)       Turns: 4247, Time: 00:08:23

Health: -15/57     AC: 14    Str: 16    XL:     6   Next: 67%
Magic:  6/6        EV:  5    Int: 10    God:    Okawaru [**....]
Gold:   252        SH:  0    Dex: 13    Spells: 5/5 levels left

rFire   . . .      SeeInvis .   t - +0 flail
rCold   . . .      Faith    .   (no shield)
rNeg    . . .      Spirit   .   i - +0 plate armour
rPois   .          Reflect  .   (no helmet)
rElec   .          Harm     .   w - +2 cloak
rCorr   .          Rampage  .   (no gloves)
Will    .....                   (no boots)
Stlth   ..........              (no amulet)
HPRegen 0.19/turn               (no ring)
MPRegen 0.10/turn               (no ring)

@: no status effects
A: no striking features
a: Renounce Religion, Heroism


You were on level 5 of the Dungeon.
You worshipped Okawaru.
Okawaru was pleased with you.
You visited 2 branches of the dungeon, and saw 6 of its levels.

You collected 252 gold pieces.

Inventory:

Hand Weapons
 t - a +0 flail (weapon)
Missiles
 h - 2 poisoned darts (quivered)
Armour
 b - a +0 robe
 i - a +0 plate armour (worn)
 n - an orb of energy
 w - a +2 cloak (worn)
 x - a +2 ring mail of cold resistance
Jewellery
 a - a ring of ice
Wands
 k - a wand of paralysis (10)
 u - a wand of flame (20)
Scrolls
 d - 2 scrolls of blinking {unknown}
 f - 5 scrolls of identify {unknown}
 g - 3 scrolls of poison {unknown}
 l - a scroll of noise {unknown}
 m - 2 scrolls of magic mapping {unknown}
 r - a scroll of vulnerability {unknown}
 s - a scroll of summoning {unknown}
 v - a scroll of immolation {unknown}
 y - a scroll of teleportation {unknown}
Potions
 c - a potion of ambrosia
 e - a potion of berserk rage {unknown}
 j - 2 potions of resistance {unknown}
 o - a potion of might {unknown}
 p - 2 potions of heal wounds {unknown}
 q - 4 potions of curing {unknown}


   Skills:
 + Level 5.8 Fighting
 + Level 5.3 Maces & Flails
 + Level 3.9 Armour
 - Level 2.4 Dodging
 - Level 1.5 Stealth


You had 5 spell levels left.
You didn't know any spells.
Your spell library contained the following spells:

 Spells                   Type           Power      Damage    Failure   Level
 Foxfire                  Conj/Fire      0%         2x1d4     100%        1
 Necrotise                Necr           0%         1d4       100%        1
 Conjure Flame            Conj/Fire      0%         6-21      100%        3
 Inner Flame              Hex/Fire       0%         N/A       100%        3
 Vampiric Draining        Necr           0%         2d6       100%        3
 Flame Wave               Conj/Fire      0%         2d4       100%        4
 Agony                    Necr           0%         N/A       100%        5


Dungeon Overview and Level Annotations

Branches:
Dungeon (5/15)             Temple (1/1) D:4

Altars:
Ashenzari
Cheibriados
Dithmenos
Elyvilon
Fedhas
Hepliaklqana
Nemelex Xobeh
Okawaru
Qazlal
Sif Muna
Vehumet
Wu Jian
Xom
Yredelemnul
Zin
The Shining One


Message History

The hobgoblin hits you but does no damage. x2
You hit the hobgoblin.
The hobgoblin is severely wounded.
The hobgoblin hits you but does no damage.
You thump the hobgoblin!
You kill the hobgoblin!
Okawaru accepts your kill.
Things that are here:
a +0 club; a goblin corpse
y - a scroll labelled RESSIS XETIUDGH
Found a stone staircase leading down.
A kobold comes into view. It is wielding a +0 dagger.
The kobold shouts!
The kobold throws a stone.
The stone hits you.
Found a book of Alchemy.
An ogre comes into view. It is wielding a +0 giant spiked club.
There is a stone staircase leading down here.
The ogre shouts!
The kobold throws a stone.
The stone hits you.
You climb downwards.
The ogre shouts!
There is a stone staircase leading up here.
There is a stone staircase leading up here.
The ogre hits you with a +0 giant club!!
You thump the ogre!
The ogre is moderately wounded.
The ogre hits you with a +0 giant club.
You hit the ogre. You punch the ogre.
The ogre is heavily wounded.
You sock the ogre!
The ogre is almost dead.
The ogre hits you with a +0 giant club.
You hit the ogre.
The ogre is almost dead.
The ogre hits you with a +0 giant club!
* * * LOW HITPOINT WARNING * * *
You barely miss the ogre.
The ogre is almost dead.
The ogre hits you with a +0 giant club!!
You die...

# #.### #.#..
##.#.# ##....#
###.....#####.###.
........O@........
#####.#.#####.####
# #.# #.# #.. ###


You could see an ogre.

Vanquished Creatures
  Sigmund (D:3)
  An orc priest (D:3)
  Terence (D:3)
  A gnoll (D:1)
  4 adders
  An ufetubus (D:3)
  A worm (D:2)
  2 dart slugs (D:1)
  9 orcs
  5 ball pythons
  9 endoplasms
  3 giant cockroaches
  8 goblins
  6 hobgoblins
  3 jackals (D:3)
  5 kobolds
  6 quokkas
  3 bats
  4 frilled lizards
  6 rats
79 creatures vanquished.

Notes
Turn   | Place    | Note
-------+----------+-------------------------------------------
     0 | D:1      | Thatpatchoflichen the Hill Orc Monk began the quest for the
                  | Orb.
     0 | D:1      | Reached XP level 1. HP: 19/19 MP: 1/1
    82 | D:1      | Reached XP level 2. HP: 17/27 MP: 2/2
   219 | D:1      | Reached skill level 1 in Armour
   471 | D:1      | Reached XP level 3. HP: 18/33 MP: 3/3
  1758 | D:3      | Reached XP level 4. HP: 38/41 MP: 4/4
  2374 | D:2      | Found a faded altar of an unknown god.
  3036 | D:3      | Noticed Terence
  3053 | D:3      | Killed Terence
  3054 | D:3      | Reached XP level 5. HP: 17/47 MP: 5/5
  3396 | D:3      | Noticed Sigmund
  3420 | D:3      | Killed Sigmund
  3421 | D:3      | Reached skill level 5 in Fighting
  3421 | D:3      | Reached skill level 5 in Maces & Flails
  3421 | D:3      | Reached XP level 6. HP: 30/56 MP: 6/6
  4076 | D:4      | Found a staircase to the Ecumenical Temple.
  4111 | Temple   | Entered the Ecumenical Temple
  4128 | Temple   | Became a worshipper of Warmaster Okawaru
  4128 | Temple   | Reached * piety under Okawaru
  4128 | Temple   | Reached ** piety under Okawaru
  4190 | D:5      | Entered Level 5 of the Dungeon
  4247 | D:5      | Demolished by an ogre

Illustrated notes

Levels and vault maps discovered:
D:1:      lightli_arrival_statuegarden, layout_basic
D:2:      layout_loops_ring, shapermc_ecumenical_altar_totnotflames,
          minmay_misc_feat_x, nrook_loot_triangle, minmay_split_cup_small
D:3:      layout_basic, uniq_terence, uniq_sigmund
D:4:      minmay_polygon_palace, layout_cave_pools, minmay_temple_entry_arrows
D:5:      layout_loops_corners, mainiacjoe_overflow_alcove_2,
          mainiacjoe_overflow_catwalk_spiral
Temple:   nicolae_temple_x_marks_the_god

Skill      XL: |  1  2  3  4  5 |
---------------+----------------+-----
Armour         | 1 2 3 |  3.9
Fighting       | 4 5 |  5.8
Maces & Flails | 4 5 |  5.3
Dodging        | |  2.4
Stealth        | |  1.5

Action                   |  1- 3 |  4- 6 || total
-------------------------+-------+-------++-------
Melee: Mace              |    98 |    56 ||   154
       Punch             |     1 |     1 ||     2
       Flail             |       |   121 ||   121
 Stab: Sleeping          |     2 |       ||     2
Armor: Robe              |    14 |       ||    14
       Plate armour      |    42 |   138 ||   180
Dodge: Dodged            |    53 |    51 ||   104
